NCAA
LOUISVILLE CARDINALS @ WEST VIRGINIA MOUNTAINEERS
05/08/2025
 
TOP OF THE 1ST
Louisville Cardinals batting - Pitching for West Virginia Mountaineers : RHP Mitch Boden
Pitching: RHP Mitch Boden
Batting: RHB Albert Valancía 0-0: Ball
1-0: Called Strike
1-1: Called Strike
1-2: Foul Ball, location: 2F
1-2: Ball
2-2: Fly out, F9 (Flyball, 89M)
Batting: RHB James Everhart 0-0: Ball
1-0: Ball
2-0: Foul Ball, location: 2F
2-1: Fly out, F3 (Popup, 3SF)
Batting: LHB Donovan Myers 0-0: Ground out 4-3 (Groundball, 34)
Top of the 1st over - 0 run(s), 0 hit(s), 0 error(s), 0 left on base; Louisville 0 - West Virginia 0
BOTTOM OF THE 1ST
West Virginia Mountaineers batting - Pitching for Louisville Cardinals : RHP Ted Stuart
Pitching: RHP Ted Stuart
Batting: RHB Howard Gould 0-0: Ball
1-0: Ball
2-0: Foul Ball, location: 2F
2-1: Foul Ball, location: 2F
2-2: Ball
3-2: Base on Balls
Batting: RHB Drew Logan 0-0: Ball
1-0: Foul Ball, location: 2F
1-1: Ball
2-1: Ball
3-1: Foul Ball, location: 2F
3-2: Foul Ball, location: 2F
3-2: Ground out U3 (Groundball, 3S)
Howard Gould to second
Batting: RHB Elvis Bingham 0-0: Ball
1-0: Ball
2-0: Called Strike
2-1: Foul Ball, location: 2F
2-2: Foul Ball, location: 2F
2-2: Strikes out looking
Batting: SHB Jonathan Woodard 0-0: Ball
1-0: Fly out, F8 (Flyball, 8LM)
Bottom of the 1st over - 0 run(s), 0 hit(s), 0 error(s), 1 left on base; Louisville 0 - West Virginia 0
TOP OF THE 2ND
Louisville Cardinals batting - Pitching for West Virginia Mountaineers : RHP Mitch Boden
Batting: RHB José González 0-0: Called Strike
0-1: Ball
1-1: Swinging Strike
1-2: Foul Ball, location: 2F
1-2: Strikes out swinging
Batting: RHB Doug Burke 0-0: Ball
1-0: Called Strike
1-1: Ball
2-1: Foul Ball, location: 2F
2-2: Foul Ball, location: 2F
2-2: Ball
3-2: Base on Balls
Batting: RHB Albert Galindo 0-0: Ball
1-0: Called Strike
1-1: Ball
Wild Pitch!
Doug Burke to second
2-1: Swinging Strike
2-2: Ball
3-2: Foul Ball, location: 2F
3-2: Foul Ball, location: 2F
3-2: Fly out, F8 (Flyball, 8RM)
Batting: RHB Jack Crossey 0-0: Ball
1-0: Ball
2-0: Called Strike
2-1: Ground out 4-3 (Groundball, 13)
Top of the 2nd over - 0 run(s), 0 hit(s), 0 error(s), 1 left on base; Louisville 0 - West Virginia 0
BOTTOM OF THE 2ND
West Virginia Mountaineers batting - Pitching for Louisville Cardinals : RHP Ted Stuart
Batting: RHB Paul Rainford 0-0: Ball
1-0: Swinging Strike
1-1: Ball
2-1: Foul Ball, location: 2F
2-2: Ground out 1-3 (Groundball, 13S)
Batting: RHB Gary Stephenson 0-0: Called Strike
0-1: Fly out, F4 (Popup, 34)
Batting: LHB Wilson Ramos 0-0: Foul Ball, location: 2F
0-1: Called Strike
0-2: Strikes out swinging
Bottom of the 2nd over - 0 run(s), 0 hit(s), 0 error(s), 0 left on base; Louisville 0 - West Virginia 0
TOP OF THE 3RD
Louisville Cardinals batting - Pitching for West Virginia Mountaineers : RHP Mitch Boden
Batting: RHB Mathew Mullen 0-0: Ball
1-0: Foul Ball, location: 2F
1-1: Foul Ball, location: 2F
1-2: Ball
2-2: Ball
3-2: SINGLE (Groundball, 3D)
Batting: RHB Iván Díaz 0-0: Ball
1-0: Foul Ball, location: 2F
1-1: Fly out, F7 (Flyball, 7M)
Batting: RHB Albert Valancía 0-0: Ball
1-0: Foul Ball, location: 2F
1-1: Ball
2-1: SINGLE (Groundball, 34)
Mathew Mullen to second
Runner from 2nd tries for 3rd, SAFE, throw made to third
Albert Valancía to second
Batting: RHB James Everhart 0-0: Ball
1-0: Foul Ball, location: 2F
1-1: Ball
2-1: Foul Ball, location: 2F
2-2: Strikes out swinging
Batting: LHB Donovan Myers 0-0: Called Strike
0-1: Ball
1-1: Foul Ball, location: 2F
1-2: Ball
2-2: Strikes out looking
Top of the 3rd over - 0 run(s), 2 hit(s), 0 error(s), 2 left on base; Louisville 0 - West Virginia 0
BOTTOM OF THE 3RD
West Virginia Mountaineers batting - Pitching for Louisville Cardinals : RHP Ted Stuart
Batting: RHB José Vázquez 0-0: Ball
1-0: Foul Ball, location: 2F
1-1: Swinging Strike
1-2: Strikes out swinging
Batting: RHB Luis Costa 0-0: Foul Ball, location: 2F
0-1: Ball
1-1: Ball
2-1: Ball
3-1: Base on Balls
Batting: RHB Howard Gould 0-0: Called Strike
0-1: Ball
1-1: Ball
2-1: Swinging Strike
2-2: Strikes out looking
Luis Costa steals 2nd base
Batter strikes out.
Batting: RHB Drew Logan 0-0: Ball
1-0: SINGLE (Groundball, 56)
Luis Costa to third
Runner from 3rd tries for Home, SAFE, no throw or cutoff
Batting: RHB Elvis Bingham 0-0: Fielders Choice at 2nd, 6-4 (Groundball, 6)
Bottom of the 3rd over - 1 run(s), 1 hit(s), 0 error(s), 0 left on base; Louisville 0 - West Virginia 1
TOP OF THE 4TH
Louisville Cardinals batting - Pitching for West Virginia Mountaineers : RHP Mitch Boden
Batting: RHB José González 0-0: Ball
1-0: Swinging Strike
1-1: Fly out, F4 (Line Drive, 4S)
Batting: RHB Doug Burke 0-0: Ground out 5-3 (Groundball, 56S)
Batting: RHB Albert Galindo 0-0: Called Strike
0-1: Called Strike
0-2: Fly out, F9 (Flyball, 89D)
Top of the 4th over - 0 run(s), 0 hit(s), 0 error(s), 0 left on base; Louisville 0 - West Virginia 1
BOTTOM OF THE 4TH
West Virginia Mountaineers batting - Pitching for Louisville Cardinals : RHP Ted Stuart
Batting: SHB Jonathan Woodard 0-0: Foul Ball, location: 2F
0-1: SOLO HOME RUN (Flyball, 9D), Distance : 366 ft
Batting: RHB Paul Rainford 0-0: Fly out, F7 (Line Drive, 7S)
Batting: RHB Gary Stephenson 0-0: Ball
1-0: Ball
2-0: Called Strike
2-1: Ball
3-1: Fly out, F2 (Popup, 2LF)
Batting: LHB Wilson Ramos 0-0: Fly out, F8 (Flyball, 8RM)
Bottom of the 4th over - 1 run(s), 1 hit(s), 0 error(s), 0 left on base; Louisville 0 - West Virginia 2
TOP OF THE 5TH
Louisville Cardinals batting - Pitching for West Virginia Mountaineers : RHP Mitch Boden
Batting: RHB Jack Crossey 0-0: Called Strike
0-1: Swinging Strike
0-2: Strikes out swinging
Batting: RHB Mathew Mullen 0-0: Called Strike
0-1: Reached on error, E6 (Groundball, 6)
Batting: RHB Iván Díaz 0-0: Ball
1-0: Foul Ball, location: 2F
1-1: SINGLE (Groundball, 6MD)
Mathew Mullen to second
Runner from 2nd tries for 3rd, SAFE, no throw or cutoff
Batting: RHB Albert Valancía 0-0: Ball
1-0: Ball
2-0: SINGLE (Flyball, 89S)
Mathew Mullen scores
Iván Díaz to second
Batting: RHB James Everhart 0-0: SINGLE (Flyball, 8RS)
Iván Díaz to third
Albert Valancía to second
Runner from 3rd tries for Home, throw and OUT!
Batting: LHB Donovan Myers 0-0: Called Strike
0-1: Foul Ball, location: 2F
0-2: DOUBLE (Line Drive, 9LD)
Albert Valancía scores
James Everhart to third
Pitching: RHP Jim Rawnsley
Batting: RHB José González 0-0: Called Strike
0-1: Ball
1-1: Ball
2-1: Swinging Strike
2-2: Ground out 3-1 (Groundball, 34)
Top of the 5th over - 2 run(s), 4 hit(s), 1 error(s), 2 left on base; Louisville 2 - West Virginia 2
BOTTOM OF THE 5TH
West Virginia Mountaineers batting - Pitching for Louisville Cardinals : RHP Ted Stuart
Batting: RHB José Vázquez 0-0: SINGLE (Line Drive, 7S)
Batting: RHB Luis Costa 0-0: Called Strike
0-1: Fly out, F7 (Line Drive, 7S)
Batting: RHB Howard Gould 0-0: Called Strike
0-1: Fly out, F7 (Flyball, 7LM)
Batting: RHB Drew Logan 0-0: Called Strike
0-1: Ball
1-1: Foul Ball, location: 2F
1-2: Strikes out looking
Bottom of the 5th over - 0 run(s), 1 hit(s), 0 error(s), 1 left on base; Louisville 2 - West Virginia 2
TOP OF THE 6TH
Louisville Cardinals batting - Pitching for West Virginia Mountaineers : RHP Jim Rawnsley
Batting: RHB Doug Burke 0-0: Foul Ball, location: 2F
0-1: Ball
1-1: Foul Ball, location: 2F
1-2: Ball
2-2: Strikes out swinging
Batting: RHB Albert Galindo 0-0: Called Strike
0-1: Foul Ball, location: 2F
0-2: Strikes out swinging
Batting: RHB Jack Crossey 0-0: Fly out, F9 (Line Drive, 9M)
Top of the 6th over - 0 run(s), 0 hit(s), 0 error(s), 0 left on base; Louisville 2 - West Virginia 2
BOTTOM OF THE 6TH
West Virginia Mountaineers batting - Pitching for Louisville Cardinals : RHP Ted Stuart
Batting: RHB Elvis Bingham 0-0: Called Strike
0-1: Called Strike
0-2: Strikes out swinging
Batting: SHB Jonathan Woodard 0-0: Ball
1-0: Foul Ball, location: 2F
1-1: Ground out 4-3 (Groundball, 4)
Batting: RHB Paul Rainford 0-0: Called Strike
0-1: Ball
1-1: Called Strike
1-2: Ball
2-2: Strikes out looking
Bottom of the 6th over - 0 run(s), 0 hit(s), 0 error(s), 0 left on base; Louisville 2 - West Virginia 2
TOP OF THE 7TH
Louisville Cardinals batting - Pitching for West Virginia Mountaineers : RHP Jim Rawnsley
Batting: RHB Mathew Mullen 0-0: Ball
1-0: Foul Ball, location: 2F
1-1: Ball
2-1: Swinging Strike
2-2: Strikes out swinging
Batting: RHB Iván Díaz 0-0: Called Strike
0-1: Ground out 6-3 (Groundball, 6)
Batting: RHB Albert Valancía 0-0: Foul Ball, location: 2F
0-1: Ball
1-1: Swinging Strike
1-2: Ball
2-2: Ground out 4-3 (Groundball, 34)
Top of the 7th over - 0 run(s), 0 hit(s), 0 error(s), 0 left on base; Louisville 2 - West Virginia 2
BOTTOM OF THE 7TH
West Virginia Mountaineers batting - Pitching for Louisville Cardinals : RHP Ted Stuart
Batting: RHB Gary Stephenson 0-0: Swinging Strike
0-1: Ball
1-1: Ball
2-1: Fly out, F9 (Line Drive, 9M)
Pitching: RHP Martín Montero
Batting: LHB Wilson Ramos 0-0: SINGLE (Line Drive, 7S)
Batting: RHB José Vázquez 0-0: Ball
1-0: Ball
2-0: Foul Ball, location: 2F
2-1: Ball
3-1: SINGLE (Flyball, 78M)
Wilson Ramos to second
Batting: RHB Luis Costa 0-0: Ball
1-0: Ball
2-0: Ball
3-0: Foul Ball, location: 2F
3-1: Base on Balls
Wilson Ramos to third
José Vázquez to second
Batting: RHB Howard Gould 0-0: Called Strike
0-1: Hit by Pitch
Wilson Ramos scores
José Vázquez to third
Luis Costa to second
Batting: RHB Drew Logan 0-0: Ball
1-0: Called Strike
1-1: Ball
2-1: Ball
3-1: Base on Balls
José Vázquez scores
Luis Costa to third
Howard Gould to second
Batting: RHB Elvis Bingham 0-0: GRAND SLAM HOME RUN (Flyball, 7LD), Distance : 330 ft
Pitching: RHP Ray Holland
Batting: SHB Jonathan Woodard 0-0: Foul Ball, location: 2F
0-1: Ball
1-1: Foul Ball, location: 2F
1-2: Fly out, F6 (Popup, 7S)
Batting: RHB Paul Rainford 0-0: Ball
1-0: Fly out, F4 (Popup, 4M)
Bottom of the 7th over - 6 run(s), 3 hit(s), 0 error(s), 0 left on base; Louisville 2 - West Virginia 8
TOP OF THE 8TH
Louisville Cardinals batting - Pitching for West Virginia Mountaineers : RHP Jim Rawnsley
Pitching: RHP Ashton Martínez
Batting: RHB James Everhart 0-0: Ball
1-0: Ball
2-0: Ball
3-0: Called Strike
3-1: Fly out, F8 (Flyball, 8LM)
Batting: LHB Donovan Myers 0-0: Called Strike
0-1: Ball
1-1: Swinging Strike
1-2: Ball
2-2: Ball
3-2: Strikes out looking
Batting: RHB José González 0-0: Ball
1-0: Foul Ball, location: 2F
1-1: Swinging Strike
1-2: Ground out U3 (Groundball, 3)
Top of the 8th over - 0 run(s), 0 hit(s), 0 error(s), 0 left on base; Louisville 2 - West Virginia 8
BOTTOM OF THE 8TH
West Virginia Mountaineers batting - Pitching for Louisville Cardinals : RHP Ray Holland
Batting: RHB Gary Stephenson 0-0: Ball
1-0: Foul Ball, location: 2F
1-1: Ball
2-1: Ball
3-1: Swinging Strike
3-2: Base on Balls
Batting: LHB Wilson Ramos 0-0: Ball
1-0: Sac Bunt - play at first, batter OUT! 1-3
Gary Stephenson to second
Batting: RHB José Vázquez 0-0: Foul Ball, location: 2F
0-1: Ball
1-1: Ball
2-1: Ball
3-1: Foul Ball, location: 2F
3-2: Base on Balls
Batting: RHB Luis Costa 0-0: Ball
1-0: Called Strike
1-1: Grounds into double play, U4-3 (Groundball, 4)
Bottom of the 8th over - 0 run(s), 0 hit(s), 0 error(s), 1 left on base; Louisville 2 - West Virginia 8
TOP OF THE 9TH
Louisville Cardinals batting - Pitching for West Virginia Mountaineers : RHP Ashton Martínez
Batting: RHB Doug Burke 0-0: Ball
1-0: Ball
2-0: Ball
3-0: Base on Balls
Batting: RHB Albert Galindo 0-0: Called Strike
0-1: Foul Ball, location: 2F
0-2: Ball
1-2: Strikes out swinging
Batting: RHB Jack Crossey 0-0: Grounds into double play, U4-3 (Groundball, 4)
Top of the 9th over - 0 run(s), 0 hit(s), 0 error(s), 0 left on base; Louisville 2 - West Virginia 8
This league is powered by Out of the Park Baseball, the baseball management simulation game for PC, Mac and Linux
Tuesday, August 2nd, 2016 - OOTP Baseball 16.8 Build 38